cohdb
Replays
Latest Replays
All Replays
Popular Replays
Top Player Replays
Match Explorer
How It Works
Community
CoH3 Stats
Reddit
Sign in to upload your games and track your stats! →
Sign in with Steam
Match 41008427
Unlisted
Match 41008427
Overview
Messages
Build Orders
End
Panzerpioneer Squad
Panzerpioneer Squad
Selects Battlefield Espionage Battlegroup
Panzerpioneer Squad
Construct Light Support Kompanie
2.5-tonne Medical Truck
Selects Intel Disruption Beacon
Fire Support Elements
Pak 38 Mechanized Group
Selects 250/3 Funkpanzerwagen
250/3 Funkpanzerwagen
Pak 38 Anti-tank Gun Team
Construct Panzerarmee Kommand
Selects Anti-Tank Incendiary Munitions
Panzer III L Medium Tank
Emergency Repair Kits
Vehicle Survival Package
Walking Stuka Rocket Launcher
Selects Plunder
Panzerpioneer Squad
Selects Firestorm
Panzer III L Medium Tank
Pak 38 Anti-tank Gun Team
Pak 38 Mechanized Group
Panzer III L Medium Tank
Selects Operation Skorpion
Panzer III L Medium Tank
Panzer III L Medium Tank
DonaldD.
Cpt. Colter Stevens
Negan
Miško
AceRobby
BloodSpark
Cons01
1234
0
0
Comments
sign in to comment!
No comments posted yet!